 Dungeon Crawl Stone Soup version 0.26.0-45-g9c1d065592 (webtiles) character file.

Game seed: 9925998833498722956

84 trckry the Bolt Thrower (level 4, -1/34 HPs)
             Began as a Barachi Hunter on Jan 31, 2021.
             Slain by a gnoll
             ... wielding a +0 halberd
              (16 damage)
             ... on level 3 of the Dungeon.
             The game lasted 00:05:49 (2980 turns).

trckry the Bolt Thrower (Barachi Hunter)            Turns: 2980, Time: 00:05:49

Health: -1/34      AC:  6    Str: 15    XL:     4   Next: 45%
Magic:  4/4        EV: 10    Int: 11    God:
Gold:   214        SH:  0    Dex: 12    Spells: 3/3 levels left

rFire    . . .     SeeInvis .   b - +0 hand axe (holy)
rCold    . . .     Faith    .   (no shield)
rNeg     . . .     Spirit   .   t - +0 scale mail
rPois    .         Reflect  .   (no helmet)
rElec    .         Harm     .   (no cloak)
rCorr    .         Rampage  .   (no gloves)
Will     .....                  (no boots)
Stlth    ..........             (no amulet)
HPRegen  0.11/turn              (no ring)
MPRegen  0.09/turn              (no ring)

@: slow
A: +LOS, swims, slowness 1, strong legs 1
a: Hop


You were on level 3 of the Dungeon.
You visited 1 branch of the dungeon, and saw 3 of its levels.

You collected 214 gold pieces.

Inventory:

Hand Weapons
 a - a +1 hand crossbow
 b - a +0 hand axe of holy wrath (weapon)
Missiles
 d - 20 bolts
 l - 7 poisoned darts (quivered)
 r - 7 atropa-tipped darts
Armour
 t - a +0 scale mail (worn)
Jewellery
 m - an uncursed ring of ice
Scrolls
 c - a scroll of amnesia {unknown}
 e - 2 scrolls of fog {unknown}
 i - 4 scrolls of identify {unknown}
 k - 2 scrolls of teleportation {unknown}
 o - a scroll of noise {unknown}
 q - a scroll of remove curse {unknown}
Potions
 f - a potion of lignification {unknown}
 g - 2 potions of heal wounds {unknown}
 h - 4 potions of curing {unknown}
 j - a potion of haste {unknown}
 n - 3 potions of brilliance {unknown}
 p - a potion of flight {unknown}
 s - a potion of attraction {unknown}


   Skills:
 + Level 2.9 Fighting
 + Level 1.2 Staves
 * Level 4.5 Crossbows
 + Level 1.2 Armour
 + Level 2.6 Dodging
 - Level 0.8 Stealth
 + Level 0.9 Invocations
 + Level 1.2 Evocations


You had 3 spell levels left.
You didn't know any spells.
Your spell library was empty.

Dungeon Overview and Level Annotations

Branches:
Dungeon (3/15)

Altars:


Innate Abilities, Weirdness & Mutations

You can be seen from farther away. (+LOS)
You can swim through water.
You cover ground slowly.
You can hop short distances.


Message History

Press: ? - help, Q - select action, (/) - cycle Shift-Dir - straight line, f/p - gnoll
Aim: a gnoll, wielding a -2 flail (heavily wounded, poisoned, 61% to hit)
You throw a poisoned dart. The poisoned dart hits the gnoll.
Throw: 8 darts (poison)
Press: ? - help, Q - select action, (/) - cycle Shift-Dir - straight line, f/p - gnoll
Aim: a gnoll, wielding a -2 flail (heavily wounded, poisoned, 61% to hit)
You throw a poisoned dart. The poisoned dart hits the gnoll.
The gnoll is poisoned.
The gnoll hits you with a +0 whip.
You completely miss the gnoll.
The gnoll hits you from afar with a +0 halberd!
The gnoll closely misses you.
You hit the gnoll.
The gnoll is heavily wounded.
The gnoll looks more healthy.
The gnoll barely misses you.
You closely miss the gnoll.
The gnoll is heavily wounded.
The gnoll closely misses you.
The gnoll hits you from afar with a +0 halberd!
You die...

#..###..#.......##.
....#.....÷.......##.
..##..###..#.......... ##
#.#.....#.......##.
#......b#.......##.
###.#####.####.###.
.########.# #.....##.###.
..........###.#(#........
+########@.÷...#.####.####
#......gg#.#####......#
#.+####g.#.## ########
..#.#..# ##.#.#..#
#.#.#..# g.#.#..# ##+.#..#
..#..#


You could see 3 gnolls.

Vanquished Creatures
  2 adders
  A white imp (D:2)
  2 oozes (D:2)
  A worm (D:3)
  A dart slug (D:2)
  A leopard gecko (D:2)
  2 ball pythons
  5 bats
  A giant cockroach (D:1)
  7 goblins
  7 hobgoblins
  6 kobolds (D:1)
  3 frilled lizards
  5 rats
44 creatures vanquished.

Notes
Turn   | Place    | Note
-------+----------+-------------------------------------------
     0 | D:1      | trckry the Barachi Hunter began the quest for the Orb.
     0 | D:1      | Reached XP level 1. HP: 17/17 MP: 1/1
   246 | D:1      | Reached XP level 2. HP: 14/23 MP: 2/2
  1076 | D:1      | Reached XP level 3. HP: 26/28 MP: 3/3
  1681 | D:2      | Reached skill level 1 in Staves
  1681 | D:2      | Reached skill level 1 in Armour
  2340 | D:2      | Reached skill level 1 in Evocations
  2376 | D:2      | Reached XP level 4. HP: 30/34 MP: 4/4
  2980 | D:3      | Slain by a gnoll

Illustrated notes

Levels and vault maps discovered:
D:1:      heliophobic_arrival_henge, layout_basic
D:2:      layout_loops_cross, minmay_tromino_v4_c
D:3:      layout_loops_cross, nemelex_xobeh_ov_fountains_minmay,
          xom_redecorated, minivault_11

Skill      XL: |  1  2  3 |
---------------+----------+-----
Staves         | 1 |  1.2
Armour         | 1 |  1.2
Evocations     | 1 |  1.2
Fighting       | |  2.9
Crossbows      | |  4.5
Dodging        | |  2.6
Stealth        | |  0.8
Invocations    | |  0.9

Action                   |  1- 3 |  4- 6 || total
-------------------------+-------+-------++-------
Melee: Short sword       |    48 |       ||    48
       Hand axe          |    75 |    45 ||   120
 Fire: Hand crossbow     |     3 |       ||     3
Throw: Dart              |       |    12 ||    12
 Stab: Sleeping          |     1 |       ||     1
       Distracted        |     1 |       ||     1
Armor: Leather armour    |    19 |    10 ||    29
       Scale mail        |       |     1 ||     1
Dodge: Dodged            |    80 |    33 ||   113
